cohdb
Replays
Latest Replays
All Replays
Popular Replays
Top Player Replays
Match Explorer
How It Works
Community
CoH3 Stats
Reddit
Sign in to upload your games and track your stats! →
Sign in with Steam
Match 44066395
Unlisted
Match 44066395
Overview
Messages
Build Orders
End
Royal Engineer Section
Construct Section Command Post
Dingo Light Scout Car
Selects Canadian Shock Battlegroup
Infantry Section
Infantry Section
Construct Platoon Command Post
Humber Armored Car
Humber Armored Car
Selects Attacking Spirit
Selects Canadian Shock Section
Selects Incendiary Munitions
Light Vehicle Training
Vickers Machine Gun Team
6-pounder Anti-tank Gun Team
Construct Company Command Post
Selects Pyrotechnics
Canadian Shock Section
Canadian Shock Section
Crusader II Medium Tank
Crusader II Medium Tank
6-pounder Anti-tank Gun Team
Crusader II Medium Tank
Selects Churchill Crocodile Heavy Tank
Crusader II Medium Tank
Armored Vehicle Training
Canadian Shock Section
Royal Engineer Section
Crusader II Medium Tank
Canadian Shock Section
Churchill Crocodile Heavy Tank
DrewP
Dillbro
II -TH- II EliteJäger
İmperial Star Destroyer
0
0
Comments
sign in to comment!
No comments posted yet!